 Dungeon Crawl Stone Soup version 0.21.0-34-g9234887 (webtiles) character file.

71 Mirai the Conjurer (level 4, 0/24 HPs)
             Began as a Deep Elf Conjurer on Jan 29, 2018.
             Hit by a stone thrown by a gnoll (1 damage)
             ... on level 2 of the Dungeon.
             The game lasted 00:04:15 (1408 turns).

Mirai the Conjurer (Deep Elf Conjurer)              Turns: 1408, Time: 00:04:16

Health: 0/24       AC:  2    Str:  5    XL:     4   Next: 5%
Magic:  9/11       EV: 13    Int: 21    God:
Gold:   74         SH:  0    Dex: 15    Spells: 7/10 levels left

rFire    . . .     SeeInvis .   v - +0 rapier
rCold    . . .     Gourm    .   (no shield)
rNeg     . . .     Faith    .   a - +0 robe
rPois    .         Spirit   .   (no helmet)
rElec    .         Reflect  .   (no cloak)
rCorr    .         Harm     .   (no gloves)
MR       .....                  (no boots)
Stlth    ++........             u - amulet of magic regeneration
HPRegen  0.08/turn              (no ring)
MPRegen  0.37/turn              (no ring)

@: no status effects
A: no striking features
a: no special abilities


You were on level 2 of the Dungeon.
You were not hungry.

You visited 1 branch of the dungeon, and saw 2 of its levels.

You collected 74 gold pieces.

Inventory:

Hand Weapons
 i - a +0 dagger
 n - a +0 mace
 o - a +0 mace
 p - a +0 mace
 q - a cursed -2 mace
 r - a +0 mace
 s - a +0 dagger
 t - a +0 mace
 v - a +0 rapier (weapon)
Missiles
 f - 20 sling bullets
Armour
 a - a +0 robe (worn)
Jewellery
 u - an amulet of magic regeneration (around neck)
Scrolls
 d - 6 scrolls of teleportation {unknown}
 g - a scroll of fog {unknown}
 j - 4 scrolls of remove curse {unknown}
 l - 2 scrolls of identify {unknown}
Potions
 m - a potion of heal wounds
Books
 b - a book of Conjurations

   Spells                             Type                      Level
   a - Magic Dart                     Conjuration                  1
   b - Searing Ray                    Conjuration                  2
   c - Dazzling Spray                 Conjuration/Hexes            3
   d - Fulminant Prism                Conjuration/Hexes            4
   e - Force Lance                    Conjuration/Translocation    4
   f - Iskenderun's Mystic Blast      Conjuration                  4
Comestibles
 c - 7 rations
 h - 4 chunks of flesh


   Skills:
 + Level 3.0 Dodging
 + Level 2.6 Stealth
 + Level 3.7 Spellcasting
 + Level 5.5 Conjurations


You had 7 spell levels left.
You knew the following spells:

 Your Spells              Type           Power        Failure   Level  Hunger
a - Magic Dart            Conj           ####         1%          1    None
b - Searing Ray           Conj           ####..       1%          2    ##.....


Dungeon Overview and Level Annotations

Branches:
Dungeon (2/15)

Altars:
Cheibriados

Annotations:
D:2 1 runed door


Message History

Confirm with . or Enter, or press ? or * to list all spells.
Aiming: Magic Dart
Press: ? - help, Shift-Dir - straight line, f - gnoll
Aim: a gnoll The magic dart hits the gnoll.
The gnoll is lightly wounded.
The kobold throws a stone.
The stone closely misses you. The gnoll hits you.
* * * LOW HITPOINT WARNING * * *
Unknown command.
Casting: Magic Dart
Confirm with . or Enter, or press ? or * to list all spells.
Aiming: Searing Ray
Press: ? - help, Shift-Dir - straight line, f/p - gnoll
Aim: a gnoll (lightly wounded)
The searing ray misses the gnoll. (Press . to maintain the ray.)
The kobold throws a stone.
The stone closely misses you. The gnoll hits you.
* * * LOW HITPOINT WARNING * * *
The gnoll throws a stone.
The stone hits you.
You die...

#.### #<# #.#.#
#≈.≈. #.#. #.#.#
.≈.≈## .....###.#.#
##oK≈. ........#.#
g≈.≈## .#.......#.#
#≈.≈.#
.#.........#####
≈.≈#
...............###'#
.#....#....###((@(g#
.#....#.##.#########
.#....#.##...
.#....#.##.####
.#.............
........##.####
.÷........>###
......#......#
##.#..#.##.#.#


You could see a gnoll.

Vanquished Creatures
  2 adders (D:2)
  2 oozes (D:2)
  3 dart slugs
  A leopard gecko (D:2)
  3 orcs (D:2)
  2 giant cockroaches (D:2)
  6 goblins
  4 hobgoblins (D:1)
  3 frilled lizards
  3 kobolds
  7 rats
36 creatures vanquished.

Notes
Turn   | Place    | Note
-------+----------+-------------------------------------------
     0 | D:1      | Mirai the Deep Elf Conjurer began the quest for the Orb.
     0 | D:1      | Reached XP level 1. HP: 10/10 MP: 6/6
   152 | D:1      | Reached XP level 2. HP: 9/15 MP: 1/8
   163 | D:1      | Learned a level 2 spell: Searing Ray
   818 | D:2      | Reached skill level 5 in Conjurations
   841 | D:2      | Found a runed door.
   926 | D:2      | Found a snail-covered altar of Cheibriados.
   930 | D:2      | Reached XP level 3. HP: 19/19 MP: 3/9
  1388 | D:2      | Reached XP level 4. HP: 14/24 MP: 7/11
  1407 | D:2      | HP: 1/24 [gnoll (5)]
  1408 | D:2      | Hit by a stone thrown by a gnoll

Skill      XL: |  1  2  3  4 |
---------------+-------------+-----
Conjurations   | 5 |  5.5
Dodging        | 3 |  3.0
Stealth        | |  2.6
Spellcasting   | |  3.7

Action                   |  1- 3 |  4- 6 || total
-------------------------+-------+-------++-------
Melee: Unarmed           |     1 |       ||     1
       Dagger            |     5 |       ||     5
       Rapier            |     1 |     2 ||     3
 Cast: Magic Dart        |    55 |     2 ||    57
       Searing Ray       |     5 |     1 ||     6
  Use: Potion            |     3 |       ||     3
  Eat: Chunk             |     1 |       ||     1
Armor: Robe              |     3 |       ||     3
Dodge: Dodged            |    30 |     6 ||    36
